AoeStats
← Woyschtel

MegaRandom

510175517Analyzed
2v2 RM · 3d ago on Sep 29, 2026· 40m 48s· 4 players
Game mode
Random Map
Map size
Medium (4 player)
Population
200
Speed
Normal
Resources
Standard
Victory
Conquest
Starting age
Dark Age
Ending age
Imperial Age
RankedLock teamsTeams togetherTeam positionsShared explorationLock speedFull tech treeHidden civsTurbo modeCheats
Victory
Defeat
🇩🇪 Burmese · Germany
1178
+12
🇦🇹 Spanish · Austria
1006
+19
🇦🇷 Maya · Argentina
1093
-16
🇮🇪 Varangians · Ireland
1078
-15
Tatu enjoyer
4:21 Loom
11:08 Feudal Age
21:10 Castle Age
22:01 Squires
21:49 Gambesons
22:14 Double-Bit Axe
25:11 Horse Collar
32:33 Scale Barding Armor
32:39 Forging
36:13 Iron Casting
39:23 Heavy Plow
Nicesheet
0:44 Loom
10:50 Feudal Age
14:04 Double-Bit Axe
14:12 Gold Mining
20:44 Fletching
22:31 Town Watch
26:56 Castle Age
26:57 Elite Skirmisher
28:15 Bodkin Arrow
30:58 Padded Archer Armor
35:28 Wheelbarrow
40:35 Ballistics
Zutn
1:36 Loom
13:14 Feudal Age
13:18 Man-at-Arms
13:48 Horse Collar
14:02 Arson
15:31 Scale Mail Armor
15:43 Forging
15:47 Fletching
23:51 Town Watch
26:33 Castle Age
25:12 Stone Mining
25:39 Gold Mining
28:45 Wheelbarrow
30:36 Guard Tower
33:51 Bloodlines
33:42 Husbandry
34:27 Ballistics
34:18 Masonry
34:36 Padded Archer Armor
35:10 Bodkin Arrow
Woyschtel
10:57 Feudal Age
12:37 Loom
15:15 Castle Age
15:55 Double-Bit Axe
17:13 Bow Saw
17:12 Padded Archer Armor
17:32 Loom
21:36 Horse Collar
25:59 Wheelbarrow
27:54 Leather Archer Armor
32:28 Heavy Plow
33:18 Bloodlines
33:08 Husbandry
37:19 Hand Cart
Connection lost

Rejoining the realm…

Still unreachable

The connection could not be restored.

Session expired

The server has moved on; the page needs a fresh start.